 Dungeon Crawl Stone Soup version 0.31-a0-1066-g35875b34c7 (webtiles) character file.

Game seed: 4685104949757405610

337 Descartes the Chopper (level 6, 0/44 HPs)
             Began as a Formicid Warper on Nov 22, 2023.
             Was an Initiate of Gozag.
             Slain by a gnoll
             ... wielding a +0 whip
             ... led by a gnoll bouda
              (1 damage)
             ... on level 6 of the Dungeon.
             The game lasted 00:08:16 (4355 turns).

Descartes the Chopper (Formicid Warper)             Turns: 4355, Time: 00:08:17

Health: 0/44       AC: 12    Str: 17    XL:     6   Next: 85%
Magic:  11/11      EV:  8    Int: 13    God:    Gozag
Gold:   301        SH:  0    Dex: 13    Spells: 12/12 levels left

rFire   . . .        a - +0 hand axe
rCold   . . .        (no shield)
rNeg    . . .        g - +0 chain mail
rPois   .            (helmet unavailable)
rElec   .            (no cloak)
rCorr   .            (no gloves)
SInv    +            (no boots)
Will    +....        (no amulet) Stlth
                     p - +4 ring of protection
HPRegen 0.27/turn    o - ring of willpower
MPRegen 0.12/turn

%: no passive effects
@: weakened
A: permanent stasis, dig shafts and tunnels, antennae 3, four strong arms
a: Dig, Shaft Self, Renounce Religion, Potion Petition, Call Merchant, Bribe
Branch


You were on level 6 of the Dungeon.
You worshipped Gozag.
Gozag was aware of your devotion.
You visited 2 branches of the dungeon, and saw 7 of its levels.

You collected 352 gold pieces.
You paid 51 gold pieces to Gozag.

Inventory:

Hand Weapons
 a - a +0 hand axe (weapon)
Missiles
 c - 7 darts of dispersal (quivered)
 h - 9 poisoned darts
Armour
 g - a +0 chain mail (worn)
Jewellery
 k - a ring of protection from fire
 o - a ring of willpower (right hand)
 p - a +4 ring of protection (left hand)
Wands
 q - a wand of iceblast (10)
Scrolls
 b - a scroll of blinking {unknown}
 e - 7 scrolls of identify {unknown}
 f - 2 scrolls of poison {unknown}
 i - a scroll of vulnerability {unknown}
 n - a scroll of immolation {unknown}
 t - a scroll of fog {unknown}
 v - a scroll of brand weapon {unknown}
 w - 2 scrolls of noise {unknown}
Potions
 d - a potion of curing
 j - a potion of heal wounds {unknown}
 l - 5 potions of attraction {unknown}
 m - 2 potions of degeneration {unknown}
 r - a potion of enlightenment {unknown}
 s - a potion of mutation {unknown}
 u - a potion of invisibility {unknown}
 x - a potion of lignification {unknown}


   Skills:
 - Level 2.1 Fighting
 + Level 5.2 Axes
 - Level 1.0 Throwing
 - Level 1.1 Armour
 - Level 1.7 Dodging
 + Level 3.6 Spellcasting
 + Level 3.8 Translocations


You had 12 spell levels left.
You didn't know any spells.
Your spell library contained the following spells:

 Spells                   Type           Power      Damage    Failure   Level
 Lesser Beckoning         Tloc           24%        N/A       63%         2
 Teleport Other           Tloc           12%        N/A       85%         3
 Manifold Assault         Tloc           12%        N/A       99%         4
 Ozocubu's Armour         Ice            2%         N/A       100%        3
 Ozocubu's Refrigeration  Ice            1%         4d7       100%        7
 Blink                    Tloc           Unusable   N/A       N/A         2
 Vhi's Electric Charge    Tloc/Air       Unusable   N/A       N/A         4

Dungeon Overview and Level Annotations

Branches:
Dungeon (6/15)             Temple (1/1) D:4

Altars:
Ashenzari
Elyvilon
Gozag
Hepliaklqana
Makhleb
Nemelex Xobeh
Okawaru
Qazlal
Sif Muna
Trog
Uskayaw
Vehumet
Yredelemnul
Zin

Annotations:
D:5 2 transporters, kskgo's ghost, amateur DjFE


Innate Abilities, Weirdness & Mutations

You cannot be hasted, slowed, berserked, paralysed or teleported.
You can dig through walls and to a lower floor.
You have a pair of large antennae on your head. (SInv)
Your four strong arms can wield two-handed weapons with a shield.


Message History

The gnoll hits you with a +0 whip. The gnoll hits you with a +0 flail.
The gnoll barely misses you.
You hit the gnoll.
The gnoll is moderately wounded.
You hit the gnoll.
The gnoll hits you from afar with a +0 spear.
The gnoll barely misses you. The gnoll closely misses you.
The gnoll hits you with a +0 flail! The gnoll closely misses you.
You are too injured to fight recklessly!
You are too injured to fight recklessly!
You are too injured to fight recklessly!
You are too injured to fight recklessly!
You are too injured to fight recklessly!
You are too injured to fight recklessly!
You are too injured to fight recklessly!
You are too injured to fight recklessly!
You are too injured to fight recklessly!
You are too injured to fight recklessly!
You are too injured to fight recklessly!
You are too injured to fight recklessly!
You are too injured to fight recklessly!
Unknown command.
The gnoll attacks as it pursues you! The gnoll hits you with a +0 whip.
The gnoll bouda gazes fiercely through you!
You feel your attacks grow feeble. The gnoll attacks as it pursues you!
The gnoll barely misses you. The gnoll attacks as it pursues you!
The gnoll hits you with a +0 whip.
The gnoll bouda gazes fiercely through you!
You feel as though you will be weak longer.
The gnoll attacks as it pursues you! The gnoll hits you with a +0 whip!
* * * LOW HITPOINT WARNING * * *
The gnoll bouda barks out a call to the hunt!
The gnolls pick up the pace!
The gnoll attacks as it pursues you! The gnoll hits you but does no damage.
The gnoll attacks as it pursues you!
The gnoll hits you from afar with a +0 halberd!
* * * LOW HITPOINT WARNING * * *
The gnoll hits you with a +0 whip.
You die...
Your body crumbles into a pile of gold.

#.......#
#.#.# #.....#
#...# ##..<##
#.g## ##+##
#gg####.# .#
#.g.....# #..
##.###### #.#
#g# .# ##.##
#g#
#.###...###
#@# #........#
#.#
#.......####.#
#............#
#.......######
#.......#
#.......#
#.......#
#######.#####


You could see a gnoll bouda and 5 gnolls.

Vanquished Creatures
  A phantom (D:5)
  An orc priest (D:4)
  A hound (D:4)
  An iguana (D:5)
  An orc wizard (D:4)
  3 gnolls (D:4)
  4 adders
  A white imp (D:6)
  2 ufetubi (D:6)
  A worm (D:3)
  A dart slug (D:1)
  7 orcs
  3 bats
  8 endoplasms
  3 giant cockroaches
  2 goblins
  6 hobgoblins
  3 kobolds
  2 quokkas
  8 ball pythons
  2 frilled lizards
  4 rats
65 creatures vanquished.

Notes
Turn   | Place    | Note
-------+----------+-------------------------------------------
     0 | D:1      | Descartes the Formicid Warper began the quest for the Orb.
     0 | D:1      | Reached XP level 1. HP: 16/16 MP: 3/3
   170 | D:1      | Reached XP level 2. HP: 3/22 MP: 5/5
   511 | D:1      | Reached skill level 3 in Axes
   643 | D:2      | Reached XP level 3. HP: 27/27 MP: 6/6
  1203 | D:2      | Found a faded altar of an unknown god.
  1429 | D:3      | Reached skill level 4 in Axes
  1429 | D:3      | Reached XP level 4. HP: 33/33 MP: 7/7
  1587 | D:3      | Found a shimmering blue altar of Sif Muna.
  1588 | D:3      | Found a stormy altar of Qazlal.
  2166 | D:4      | HP: 1/33 [orc priest/divine providence (8)]
  2184 | D:4      | Reached XP level 5. HP: 15/38 MP: 8/8
  2362 | D:4      | Found a staircase to the Ecumenical Temple.
  2509 | Temple   | Entered the Ecumenical Temple
  2537 | Temple   | Became a worshipper of Gozag Ym Sagoz the Greedy
  2707 | D:4      | Found a hide-covered altar of Uskayaw.
  3252 | D:4      | Reached XP level 6. HP: 44/44 MP: 10/10
  3429 | D:5      | Entered Level 5 of the Dungeon
  3468 | D:5      | Reached skill level 5 in Axes
  3492 | D:5      | Found a transporter.
  3754 | D:5      | Noticed kskgo's ghost (amateur DjFE)
  3754 | D:5      | Noticed an ogre
  3756 | D:5      | Noticed an ogre
  3952 | D:5      | Found a transporter.
  4355 | D:6      | HP: 1/44 [gnoll/+0 halberd[a gnoll bouda] (8)]
  4355 | D:6      | Slain by a gnoll

Illustrated notes

Levels and vault maps discovered:
D:1:      onia_arrival_pyramid, layout_rooms
D:2:      layout_basic, basic_ecumenical_altar
D:3:      layout_loops_ring, gammafunk_temple_overflow_statue,
          minmay_misc_feat_square, grunt_decor_fettered
D:4:      layout_loops_corners, nicolae_uskayaw_murder_on_the_dancefloor,
          temple_pool_b
D:5:      layout_rooms, gammafunk_ghost_smash
D:6:      layout_loops_corners
Temple:   chequers_temple_sunken

Skill      XL: |  1  2  3  4  5  6 |
---------------+-------------------+-----
Axes           | 3 4 5 |  5.2
Translocations | 3 |  3.8
Spellcasting   | 3 |  3.6
Fighting       | |  2.1
Throwing       | |  1.0
Armour         | |  1.1
Dodging        | |  1.7

Action                     |  1- 3 |  4- 6 || total
---------------------------+-------+-------++-------
  Melee: Hand axe          |   117 |   205 ||   322
         Punch             |       |     6 ||     6
    Use: Potion            |       |     1 ||     1
   Stab: Sleeping          |     2 |       ||     2
         Distracted        |       |     1 ||     1
 Armour: Leather armour    |    24 |       ||    24
         Chain mail        |    63 |   186 ||   249
  Dodge: Dodged            |    62 |   106 ||   168

Table legend: (Time is in decaauts)
 A = Elapsed time spent in this place.
 B = Non-inter-level travel time spent in this place.
 C = Inter-level travel time spent in this place.
 D = Time resting spent in this place.
 E = Time spent auto-exploring this place.
 F = Levels seen in this place.
 G = Mean time per level.
                   A        B        C        D        E       F      G
               +--------+--------+--------+--------+--------+-----+--------+
         Total |   4396 |   4104 |    292 |      0 |   3395 |   7 |  628.0 |
       Dungeon |   4332 |   4067 |    265 |      0 |   3395 |   6 |  722.0 |
        Temple |     63 |     37 |     26 |      0 |      0 |   1 |   63.0 |
               +--------+--------+--------+--------+--------+-----+--------+

Top non-repeatable levels by time:
     D:4: 1294 daAuts
     D:3: 775 daAuts
     D:2: 705 daAuts
     D:1: 628 daAuts
     D:5: 576 daAuts
     D:6: 353 daAuts
  Temple: 63 daAuts
